 Dungeon Crawl Stone Soup version 0.19.1 (webtiles) character file.

57 w00t the Caller (level 4, -1/34 HPs)
             Began as a Merfolk Summoner on Dec 25, 2016.
             Slain by a jackal (3 damage)
             ... on level 1 of the Dungeon.
             The game lasted 00:05:40 (2173 turns).

w00t the Caller (Merfolk Summoner)                  Turns: 2173, Time: 00:05:40

Health: -1/34      AC:  5    Str:  8    XL:     4   Next: 0%
Magic:  14/16      EV: 14    Int: 15    God:
Gold:   90         SH:  0    Dex: 21    Spells: 1 memorised, 6 levels left

rFire  . . .     SeeInvis .     l - +0 dagger (curse)
rCold  . . .     Gourm    .     j - +0 leather armour
rNeg   . . .     Faith    .     (no shield)
rPois  .         Spirit   .     (no helmet)
rElec  .         Reflect  .     (no cloak)
rCorr  .         Harm     .     (no gloves)
MR     +....                    (no boots)
Stlth  ++........               (no amulet)
                                e - ring of magical power
                                d - +5 ring of dexterity

@: no status effects
A: change form in water, swift swim, stealthy swim, molten scales 1, agile 1,
magic resistance 1
a: no special abilities


You were on level 1 of the Dungeon.
You were hungry.

You visited 1 branch of the dungeon, and saw 2 of its levels.

You collected 90 gold pieces.

Inventory:

Hand Weapons
 g - a +0 spear of venom
 h - a +0 mace
 l - a cursed +0 dagger (weapon)
Armour
 j - a +0 leather armour (worn)
Jewellery
 d - a +5 ring of dexterity (left hand)
 e - a ring of magical power (right hand)
Potions
 f - a potion of magic
Books
 b - a book of Callings

   Spells                             Type                      Level
   a - Summon Small Mammal            Summoning                    1
   b - Call Imp                       Summoning                    2
   c - Call Canine Familiar           Summoning                    3
   d - Summon Guardian Golem          Hexes/Summoning              3
   e - Summon Lightning Spire         Summoning/Air                4
   f - Summon Ice Beast               Ice/Summoning                4
Comestibles
 a - 3 fruits
 c - a bread ration
 k - a chunk of flesh


   Skills:
 + Level 2.4 Fighting
 + Level 4.0 Dodging
 - Level 2.1 Stealth
 - Level 2.0 Spellcasting
 - Level 4.2 Summonings


You had 6 spell levels left.
You knew the following spells:

 Your Spells              Type           Power        Failure   Level  Hunger
a - Summon Small Mammal   Summ           ##..         8%          1    #......


Dungeon Overview and Level Annotations

Branches:
Dungeon (2/15)

Altars:
Ru
Uskayaw


Innate Abilities, Weirdness & Mutations

You revert to your normal form in water.
You are very nimble and swift while swimming.
You are very stealthy in the water. (Stealth+)
You are partially covered in molten scales. (AC +2)
You are agile. (Dex +2)
You are resistant to hostile enchantments. (MR+)


Message History

* * * LOW HITPOINT WARNING * * *
The jackal misses you.
The jackal bites you but does no damage.
Casting: Summon Small Mammal
Confirm with . or Enter, or press ? or * to list all spells.
The jackal bites you but does no damage.
The jackal completely misses you.
Your quokka barely misses the jackal.
You swap places.
The jackal bites you but does no damage.
The jackal closely misses you.
Your quokka bites the jackal but does no damage. x2
The jackal completely misses you. The jackal misses you.
Your quokka completely misses the jackal.
The jackal bites you.
* * * LOW HITPOINT WARNING * * *
Your quokka bites the jackal.
You completely miss the jackal.
The jackal is moderately wounded.
Your quokka closely misses the jackal.
The jackal bites you.
You die...

#....................
#.################### #.#
#.....# #### #.###.###.# #...
#.......#.# #.##
##########.#.# #...
#........#.#.# #.##
#...####.#...########.#.
#...#rh@................
#...#.h#...#.#........#.
######.#.r#...#.#........#.
#......#..#.#.#.#..........
#.######..#.#...#..........
###.#.........#####..........
#...#.##################.....
##..#.# #.............##.....
#..#.###.#......####.##.....


You could see 2 jackals and 2 friendly quokkas.

Vanquished Creatures
  2 adders (D:2)
  2 dart slugs (D:1)
  2 leopard geckos (D:1)
  2 giant cockroaches (D:1)
  4 goblins
  A hobgoblin (D:2)
  3 jackals
  5 kobolds
  4 bats
  3 frilled lizards
  3 rats
31 creatures vanquished.

Notes
Turn   | Place    | Note
-------+----------+-------------------------------------------
     0 | D:1      | w00t the Merfolk Summoner began the quest for the Orb.
     0 | D:1      | Reached XP level 1. HP: 13/13 MP: 3/3
   330 | D:1      | Reached skill level 1 in Fighting
   369 | D:1      | Reached XP level 2. HP: 21/21 MP: 5/5
  1118 | D:1      | Reached XP level 3. HP: 19/27 MP: 6/6
  1224 | D:2      | Found a sacrificial altar of Ru.
  1340 | D:2      | Gained mutation: You are resistant to hostile enchantments. (MR+) [potion of mutation]
  1340 | D:2      | Gained mutation: You are agile. (Dex +2) [potion of mutation]
  1340 | D:2      | Gained mutation: You are partially covered in molten scales. (AC +2) [potion of mutation]
  1615 | D:2      | Found a hide-covered altar of Uskayaw.
  2123 | D:2      | Reached XP level 4. HP: 14/34 MP: 7/7
  2173 | D:1      | Slain by a jackal

Skill      XL: |  1  2  3 |
---------------+----------+-----
Fighting       | 1 2 |  2.4
Dodging        | 3 4 |  4.0
Stealth        | |  2.1
Spellcasting   | |  2.0
Summonings     | |  4.2

Action                   |  1- 3 |  4- 6 || total
-------------------------+-------+-------++-------
Melee: Unarmed           |    15 |       ||    15
       Mace              |    31 |       ||    31
       Dagger            |   143 |    15 ||   158
 Cast: Summon Small Mamm |       |     2 ||     2
  Use: Scroll            |     4 |       ||     4
       Potion            |     3 |       ||     3
 Stab: Sleeping          |     5 |       ||     5
       Distracted        |     1 |       ||     1
  Eat: Chunk             |     2 |       ||     2
       Beef jerky        |     1 |       ||     1
Armor: Robe              |     9 |       ||     9
       Leather armour    |    65 |    14 ||    79
Dodge: Dodged            |   177 |    34 ||   211
